 Dungeon Crawl Stone Soup version 0.21.1-1-g345015f (webtiles) character file.

114727 RudyRod the Destroyer (level 16, -1/121 HPs)
             Began as a Demonspawn Fire Elementalist on Apr 25, 2018.
             Was the Champion of Vehumet.
             Slain by a centaur warrior zombie (3 damage)
             ... summoned by an orange crystal statue
             ... on level 11 of the Dungeon.
             The game lasted 03:19:53 (35193 turns).

RudyRod the Destroyer (DsFE)                       Turns: 35193, Time: 03:19:53

Health: -1/121     AC: 19    Str: 13      XL:     16   Next: 17%
Magic:  0/40       EV: 13    Int: 24 (31) God:    Vehumet [******]
Gold:   1986       SH: 11    Dex: 23 (24) Spells: 1/38 levels left

rFire    + + .     SeeInvis +   E - +5 rapier "Ymevukla" {flame, Fragile rF++ Str+2 Dex+4}
rCold    . . .     Gourm    .   U - +0 shield
rNeg     . . .     Faith    +   J - +1 ring mail "Uqacseut" {Int+4 Dex+4}
rPois    +         Spirit   +   (helmet unavailable)
rElec    .         Reflect  .   I - +0 cloak {rPois}
rCorr    .         Harm     .   a - +0 pair of gloves
MR       +....                  (no boots)
Stlth    ++++......             w - amulet of faith
HPRegen  0.30/turn              G - +4 ring of intelligence
MPRegen  0.54/turn              t - ring of magical power

@: barbed spikes, sanguine armour, very slightly contaminated, invisible
A: antennae 3, agile 1, clever 1, demonic guardian 1, screaming 1, augmentation
1, magic shield, magic regeneration, sanguine armour 2
a: Renounce Religion


You were on level 11 of the Dungeon.
You worshipped Vehumet.
Vehumet was exalted by your worship.
You were not hungry.

You visited 5 branches of the dungeon, and saw 24 of its levels.

You collected 2107 gold pieces.
You spent 121 gold pieces at shops.

Inventory:

Hand Weapons
 e - a +2 flail of draining
 E - the +5 rapier "Ymevukla" (weapon) {flame, Fragile rF++ Str+2 Dex+4}
   (You found it on level 1 of the Spider Nest)

   It has been specially enchanted to burn those struck by it, causing extra
   injury to most foes and up to half again as much damage against particularly
   susceptible opponents.
   It affects your strength (+2).
   It affects your dexterity (+4).
   It greatly protects you from fire.
   It will be destroyed if unequipped.
 O - a +1 antimagic demon trident
Missiles
 S - 137 arrows (quivered)
Armour
 a - a +0 pair of gloves (worn)
 B - the +2 ring mail of Xoitwij {rC+ Regen+ Str+3}
   (You found it on level 3 of the Lair of Beasts)

   It affects your strength (+3).
   It protects you from cold.
   It increases your rate of regeneration.
 I - a +0 cloak of poison resistance (worn)
 J - the +1 ring mail "Uqacseut" (worn) {Int+4 Dex+4}
   (You found it on level 6 of the Lair of Beasts)

   It affects your intelligence (+4).
   It affects your dexterity (+4).
 U - a +0 shield (worn)
Magical Staves
 N - an uncursed staff of poison
Jewellery
 t - a ring of magical power (right hand)
 u - a +4 ring of intelligence
 w - an amulet of faith (around neck)
 D - an uncursed ring of protection from magic
 G - a +4 ring of intelligence (left hand)
 P - an uncursed ring of wizardry
 X - an uncursed ring of flight {unknown}
Wands
 g - a wand of flame (49)
 r - a wand of random effects (34)
 H - a wand of clouds (6)
 Q - a wand of digging (35)
Scrolls
 d - 2 scrolls of torment {unknown}
 h - 8 scrolls of identify
 j - a scroll of blinking
 k - 8 scrolls of amnesia
 l - 2 scrolls of enchant weapon
 n - 5 scrolls of teleportation
 p - 9 scrolls of remove curse
 y - 5 scrolls of magic mapping
 C - a scroll of summoning {unknown}
 F - a scroll of fear {unknown}
 K - 2 scrolls of fog
 L - a scroll of enchant armour
Potions
 f - 6 potions of brilliance
 m - 2 potions of invisibility
 v - a potion of curing
 x - 2 potions of flight
 z - a potion of magic
 A - 2 potions of haste {unknown}
 M - 2 potions of might
 R - a potion of ambrosia {unknown}
 Y - a potion of cancellation
Books
 b - a book of Flames

   Spells                             Type                      Level
   a - Flame Tongue                   Conjuration/Fire             1
   b - Throw Flame                    Conjuration/Fire             2
   c - Conjure Flame                  Conjuration/Fire             3
   d - Inner Flame                    Hexes/Fire                   3
   e - Sticky Flame                   Conjuration/Fire             4
   f - Fireball                       Conjuration/Fire             5
 i - a book of the Tempests

   Spells                             Type                      Level
   a - Static Discharge               Conjuration/Air              3
   b - Lightning Bolt                 Conjuration/Air              5
   c - Ignition                       Fire                         8
   d - Tornado                        Air                          9
   e - Shatter                        Earth                        9
 o - a book of Callings

   Spells                             Type                      Level
   a - Summon Small Mammal            Summoning                    1
   b - Call Imp                       Summoning                    2
   c - Call Canine Familiar           Summoning                    3
   d - Summon Guardian Golem          Hexes/Summoning              3
   e - Summon Lightning Spire         Summoning/Air                4
   f - Summon Ice Beast               Ice/Summoning                4
 q - a book of Changes

   Spells                             Type                      Level
   a - Beastly Appendage              Transmutation                1
   b - Sticks to Snakes               Transmutation                2
   c - Spider Form                    Transmutation/Poison         3
   d - Ice Form                       Ice/Transmutation            4
   e - Blade Hands                    Transmutation                5
 s - a book of Maledictions

   Spells                             Type                      Level
   a - Corona                         Hexes                        1
   b - Ensorcelled Hibernation        Hexes/Ice                    2
   c - Confuse                        Hexes                        3
   d - Tukima's Dance                 Hexes                        3
   e - Dazzling Spray                 Conjuration/Hexes            3
 V - a book of Clouds

   Spells                             Type                      Level
   a - Poisonous Vapours              Poison/Air                   2
   b - Mephitic Cloud                 Conjuration/Poison/Air       3
   c - Conjure Flame                  Conjuration/Fire             3
   d - Freezing Cloud                 Conjuration/Ice/Air          6
   e - Ring of Flames                 Charms/Fire                  7
Miscellaneous
 T - a phial of floods
Comestibles
 c - 17 rations


   Skills:
 + Level 9.7 Fighting
 * Level 3.2 Short Blades
 + Level 5.4 Maces & Flails
 + Level 8.5 Armour
 + Level 5.1 Dodging
 + Level 8.3 Stealth
 + Level 7.0 Shields
 + Level 11.9 Spellcasting
 + Level 12.0 Conjurations
 * Level 7.4 Charms
 * Level 3.4 Summonings
 + Level 10.8 Fire Magic
 + Level 1.0 Earth Magic


You had one spell level left.
You knew the following spells:

 Your Spells              Type           Power        Failure   Level  Hunger
a - Flame Tongue          Conj/Fire      #####        1%          1    None
b - Throw Flame           Conj/Fire      ######       1%          2    None
c - Conjure Flame         Conj/Fire      ######..     1%          3    None
d - Sticky Flame          Conj/Fire      ######..     1%          4    None
e - Fireball              Conj/Fire      ######....   1%          5    ###....
f - Stone Arrow           Conj/Erth      #####.       1%          3    None
g - Ring of Flames        Chrm/Fire      ######....   99%         7    ######.
h - Iskenderun's Battles  Conj/Chrm      ######..     3%          5    ###....
i - Spellforged Servitor  Conj/Summ      ######....   86%         7    ######.


Dungeon Overview and Level Annotations

Branches:
Dungeon (12/15)            Temple (1/1) D:5            Lair (6/6) D:8
 Shoals (0/4) Lair:2       Spider (3/4) Lair:3        Slime (0/5) Lair:6
    Orc (2/2) D:12            Elf (0/3) Orc:2

Altars:
Ashenzari
Cheibriados
Dithmenos
Elyvilon
Fedhas
Gozag
Hepliaklqana
Kikubaaqudgha
Makhleb
Nemelex Xobeh
Okawaru
Qazlal
Ru
Sif Muna
Trog
Uskayaw
Vehumet
Wu Jian
Xom
Yredelemnul
Zin
The Shining One
Beogh

Shops:
D:6 [   D:8 =   D:10 *=   Orc:2 !(!}

Annotations:
D:10 1 runed door
D:11 1 runed door, exclusion: 4 orange crystal statues
D:12 Chrigeo's ghost, journeyman TrBe


Innate Abilities, Weirdness & Mutations

You have a pair of large antennae on your head. (SInv)
A weak demonic guardian rushes to your aid.
Your magical and physical power is slightly enhanced at high health.
When hurt, damage is shared between your health and your magic reserves.
You regenerate magic rapidly.
When seriously injured, your bleeding wounds create thick armour. (AC +9)
You are agile. (Dex +2)
Your mind is acute. (Int +2)
You occasionally shout uncontrollably at your foes.


Message History

The four-headed hydra bites you but does no damage.
The four-headed hydra closely misses you.
The four-headed hydra bites you!
* * * LOW HITPOINT WARNING * * *
The manticore bites you but does no damage.
The manticore barely misses you. You block the manticore's attack.
The orange crystal statue fixes its piercing gaze on you.
You feel dopey. Something feeds on your intellect!
The centaur warrior zombie barely misses you.
You are very lightly contaminated with residual magic.
You feel better. You block the orc's attack. The manticore misses you.
You block the manticore's attack. The manticore completely misses you.
The four-headed hydra closely misses you.
The four-headed hydra bites you but does no damage.
The four-headed hydra bites you.
* * * LOW HITPOINT WARNING * * *
The four-headed hydra bites you but does no damage.
The centaur warrior zombie hits you.
You die...

########### #.........####
#............#
#######..####+####.##############
.........#8.%...8#...............
.........#.#...#o#...............
.........#....oZo#......##.......
.........#...aOH@#......##.......
.......#.#...h5HD#..##..##.......
.......#.#.#..l#o#.###..##.......
.........#8...oo8#.###..##.......
.........####'####.....!.........
...#####...........##############
...#.....................#......#
##.#.....................#......#
#.#.....................#......#


You could see a four-headed hydra, 4 orange crystal statues, 2 manticores, an
ogre, a hound, a worker ant, 2 orc wizards, a shadow imp, 4 orcs, a centaur
warrior zombie and a leopard gecko.

Vanquished Creatures
  Arachne (Spider:1)
  Gastronok (D:9)
  Donald (Spider:2)
  2 ghost moths
  An orc warlord (Orc:2)
  An emperor scorpion (Spider:2)
  A very ugly thing (D:12)
  3 entropy weavers
  Josephine (Orc:1)
  7 hydras
  2 catoblepae (Lair:6)
  Erica (D:9)
  3 two-headed ogres
  A death knight (D:11)
  A centaur warrior (D:9)
  A queen ant (Spider:3)
  Urug (Lair:4)
  4 death yaks (Lair:6)
  The ghost of azzavlup the Carver, a novice DsGl of Uskayaw (Lair:1)
  2 orc high priests (Orc:2)
  Nergalle (D:10)
  A fire crab (Lair:5)
  2 skeletal warriors (D:11)
  2 wizards (D:12)
  A deep elf mage (D:12)
  A necromancer (Lair:5)
  8 ugly things
  12 orb spiders
  15 wolf spiders
  2 manticores (Lair:6)
  8 orc sorcerers (Orc:2)
  15 elephants
  Maurice (D:10)
  A torpor snail (Spider:1)
  A gargoyle (D:10)
  2 black mambas
  Psyche (D:10)
  9 komodo dragons
  8 spiny frogs
  2 rime drakes
  4 demonic crawlers
  A merfolk (D:9)
  16 jumping spiders
  8 trolls
  2 hornets (Spider:1)
  The ghost of azzavlup the Cleaver, an amateur HOFi (D:4)
  21 blink frogs
  7 hippogriffs
  3 slime creatures
  4 wyverns
  55 redbacks
  7 wraiths
  14 tarantellas
  Sigmund (D:5)
  38 yaks
  Eustachio (D:6)
  Menkaure (D:6)
  A hungry ghost (D:11)
  3 basilisks
  2 wargs
  5 soldier ants
  Duvessa (D:5)
  8 water moccasins
  9 porcupines
  3 ice beasts
  22 orc warriors
  2 eyes of draining
  15 ogres
  2 phantoms
  A black bear (D:11)
  2 elephant zombies (Lair:5)
  24 wolves
  4 centaurs
  14 crocodiles
  4 big kobolds
  13 bullfrogs
  3 gnoll sergeants (D:12)
  A scorpion (D:6)
  5 killer bees (D:7)
  4 howler monkeys
  3 electric eels
  2 crimson imps
  A basilisk zombie (Lair:5)
  22 orc priests
  A quasit (D:5)
  3 bullfrog zombies
  A centaur skeleton (D:4)
  4 hounds
  10 jellies
  A bullfrog skeleton (D:8)
  12 worker ants
  An iguana (D:8)
  28 orc wizards
  A hound skeleton (D:5)
  A worker ant zombie (D:6)
  4 gnolls
  7 adders
  A shadow imp (D:8)
  15 oozes
  A worm (D:2)
  An adder skeleton (D:4)
  A dart slug (D:1)
  5 leopard geckos
  41 orcs
  7 bats
  8 giant cockroaches
  6 goblins
  10 hobgoblins
  5 jackals (D:1)
  3 quokkas
  4 ball pythons
  7 frilled lizards
  A jackal skeleton (D:7)
  21 kobolds
  A leopard gecko skeleton (D:4)
  5 rats
  3 fungi
709 creatures vanquished.

Vanquished Creatures (collateral kills)
  2 hydras
  A catoblepas (Lair:6)
  A two-headed ogre (Orc:2)
  2 orb spiders
  An ugly thing (D:12)
  A deep elf mage (D:8)
  2 elephants
  2 black mambas
  A spiny frog (Lair:3)
  A centaur skeleton (D:10)
  A demonic crawler (Spider:1)
  A troll (D:10)
  A hornet (Spider:1)
  2 blink frogs (Lair:3)
  A tarantella (Spider:1)
  A redback (Lair:3)
  6 yaks
  Edmund (D:4)
  Dowan (D:5)
  An orc priest (Orc:2)
  A jelly (Lair:6)
  An adder (D:4)
  An orc (Orc:2)
33 creatures vanquished.

Vanquished Creatures (others)
  12 fungi
  13 plants
25 creatures vanquished.

Grand Total: 767 creatures vanquished

Notes
Turn   | Place    | Note
-------+----------+-------------------------------------------
     0 | D:1      | RudyRod the Demonspawn Fire Elementalist began the quest for the Orb.
     0 | D:1      | Reached XP level 1. HP: 13/13 MP: 3/3
   364 | D:1      | Gained mutation: When seriously injured, your bleeding wounds create armour. (AC +9) [demonic ancestry]
   364 | D:1      | Reached XP level 2. HP: 12/19 MP: 0/5
   976 | D:1      | Reached XP level 3. HP: 24/24 MP: 3/6
  1112 | D:1      | Reached skill level 1 in Armour
  1505 | D:2      | Found a faded altar of an unknown god.
  1802 | D:2      | Found a sparkling altar of Nemelex Xobeh.
  2297 | D:3      | Gained mutation: A weak demonic guardian rushes to your aid. [demonic ancestry]
  2297 | D:3      | Reached XP level 4. HP: 14/30 MP: 0/8
  2899 | D:3      | Gained mutation: When seriously injured, your bleeding wounds create thick armour. (AC +9) [demonic ancestry]
  2899 | D:3      | Reached XP level 5. HP: 35/35 MP: 4/9
  2902 | D:3      | Reached skill level 2 in Conjurations
  4197 | D:4      | Reached XP level 6. HP: 23/41 MP: 2/11
  4485 | D:4      | Noticed Edmund
  4504 | D:4      | Killed Edmund
  4725 | D:4      | Found a burning altar of Makhleb.
  4769 | D:4      | Reached skill level 3 in Conjurations
  4771 | D:4      | Noticed azzavlup's ghost (amateur HOFi)
  4822 | D:4      | Killed azzavlup's ghost
  4822 | D:4      | Gained mutation: When hurt, damage is shared between your health and your magic reserves. [demonic ancestry]
  4822 | D:4      | Reached XP level 7. HP: 41/47 MP: 2/12
  4966 | D:4      | Found a snail-covered altar of Cheibriados.
  5235 | D:5      | Entered Level 5 of the Dungeon
  5259 | D:4      | Gained mutation: You are somewhat resistant to further mutation. [potion of mutation]
  5259 | D:4      | Gained mutation: You are resistant to hostile enchantments. (MR+) [potion of mutation]
  5260 | D:4      | Lost mutation: You are somewhat resistant to further mutation. [potion of mutation]
  5260 | D:4      | Lost mutation: You are resistant to hostile enchantments. (MR+) [potion of mutation]
  5260 | D:4      | Gained mutation: Armour fits poorly on your strangely shaped body. [potion of mutation]
  5260 | D:4      | Gained mutation: Your spells are a little harder to cast, but a little more powerful. [potion of mutation]
  5260 | D:4      | Gained mutation: You occasionally shout uncontrollably at your foes. [potion of mutation]
  5260 | D:4      | Gained mutation: You have large cloven feet. [potion of mutation]
  5364 | D:5      | Noticed Sigmund
  5384 | D:5      | Killed Sigmund
  5459 | D:5      | Reached skill level 1 in Fighting
  5562 | D:5      | Learned a level 2 spell: Throw Flame
  5859 | D:5      | Reached skill level 1 in Maces & Flails
  5889 | D:5      | Found a staircase to the Ecumenical Temple.
  5929 | D:5      | Learned a level 3 spell: Conjure Flame
  5930 | Temple   | Entered the Ecumenical Temple
  5982 | Temple   | Became a worshipper of Vehumet
  6406 | D:6      | Noticed Duvessa
  6406 | D:6      | Noticed Dowan
  6565 | D:5      | Learned a level 4 spell: Sticky Flame
  6633 | D:5      | Killed Dowan
  6633 | D:5      | Gained mutation: You have a pair of small antennae on your head. [demonic ancestry]
  6633 | D:5      | Reached XP level 8. HP: 50/54 MP: 13/14
  6675 | D:5      | Killed Duvessa
  6675 | D:5      | Reached skill level 4 in Conjurations
  6890 | D:6      | Noticed a troll
  6917 | D:5      | Killed a troll
  6917 | D:5      | Reached skill level 5 in Spellcasting
  6917 | D:5      | Reached skill level 5 in Fire Magic
  7507 | D:6      | Found a bloodstained altar of Trog.
  7520 | D:6      | Found an ancient bone altar of Kikubaaqudgha.
  8053 | D:6      | Found Laq Fowah's Antique Armour Emporium.
  8053 | D:6      | Noticed Eustachio
  8061 | D:6      | Noticed Menkaure
  8069 | D:6      | Killed Eustachio
  8069 | D:6      | Gained mutation: You have a pair of antennae on your head. [demonic ancestry]
  8069 | D:6      | Reached XP level 9. HP: 52/61 MP: 2/17
  8072 | D:6      | Killed Menkaure
  8072 | D:6      | Reached * piety under Vehumet
  8072 | D:6      | Offered knowledge of Freeze by Vehumet.
  8201 | D:6      | Bought a pair of gloves for 121 gold pieces
  8400 | D:7      | Reached skill level 5 in Conjurations
  9047 | D:8      | Noticed a two-headed ogre
  9057 | D:8      | Killed a two-headed ogre
  9057 | D:8      | Reached skill level 5 in Armour
  9057 | D:8      | Reached skill level 6 in Conjurations
  9161 | D:8      | Found Feraf's Jewellery Boutique.
  9223 | D:8      | Noticed a komodo dragon
  9231 | D:8      | Killed a komodo dragon
  9247 | D:8      | Gained mutation: Your magical and physical power is slightly enhanced at high health. [demonic ancestry]
  9247 | D:8      | Reached XP level 10. HP: 32/70 MP: 3/20
  9426 | D:8      | Found a staircase to the Lair.
  9538 | D:8      | Offered knowledge of Sandblast by Vehumet.
  9545 | D:8      | Found a white marble altar of Elyvilon.
  9549 | D:8      | Reached ** piety under Vehumet
  9634 | D:8      | Noticed a deep elf mage
  9638 | D:8      | Killed a deep elf mage
  9941 | D:8      | Found a glowing silver altar of Zin.
  9941 | D:8      | Noticed an angel
 10159 | D:8      | Found a glowing golden altar of the Shining One.
 10160 | D:8      | Found an iron altar of Okawaru.
 10340 | D:9      | Noticed Erica
 10363 | D:9      | Killed Erica
 10374 | D:9      | Reached skill level 5 in Stealth
 10486 | D:9      | Noticed a centaur warrior
 10502 | D:9      | Killed a centaur warrior
 10502 | D:9      | Reached skill level 7 in Conjurations
 10846 | D:9      | Noticed Gastronok
 10863 | D:9      | Killed Gastronok
 10863 | D:9      | Reached XP level 11. HP: 38/78 MP: 13/22
 11261 | D:9      | Reached skill level 5 in Fighting
 11478 | D:10     | Entered Level 10 of the Dungeon
 11526 | D:10     | Noticed Psyche
 11526 | D:10     | Noticed Maurice
 11531 | D:10     | Killed Psyche
 11543 | D:10     | Killed Maurice
 11543 | D:10     | Offered knowledge of Ignite Poison by Vehumet.
 11841 | D:10     | Noticed Nergalle
 11881 | D:10     | Found a runed door.
 11881 | D:10     | Noticed a great orb of eyes
 11881 | D:10     | Noticed a deep elf mage
 11881 | D:10     | Noticed a deep troll earth mage
 11882 | D:10     | Found the +0 Maxwell's etheric cage {RegenMP+ *Contam rElec MP+4}
 11885 | D:10     | Noticed a wolf spider
 11885 | D:10     | Noticed a frost giant
 11885 | D:10     | Noticed an ettin
 11885 | D:10     | Noticed an ettin
 11885 | D:10     | Noticed a frost giant
 11936 | D:10     | Killed Nergalle
 12099 | D:10     | Reached *** piety under Vehumet
 12242 | D:10     | Lost mutation: Armour fits poorly on your strangely shaped body. [potion of mutation]
 12242 | D:10     | Lost mutation: You have large cloven feet. [potion of mutation]
 12242 | D:10     | Lost mutation: Your spells are a little harder to cast, but a little more powerful. [potion of mutation]
 12242 | D:10     | Gained mutation: You are agile. (Dex +2) [potion of mutation]
 12242 | D:10     | Gained mutation: Your mind is acute. (Int +2) [potion of mutation]
 12573 | D:10     | Found a blossoming altar of Fedhas.
 12602 | D:10     | Found Nuafeda's Assorted Antiques.
 12602 | D:10     | Found Yzxoq's Jewellery Boutique.
 12687 | D:10     | Learned a level 5 spell: Fireball
 12706 | D:11     | Offered knowledge of Stone Arrow by Vehumet.
 12921 | D:11     | Noticed a two-headed ogre
 12929 | D:11     | Killed a two-headed ogre
 13199 | D:11     | Noticed a cyan ugly thing
 13218 | D:11     | Killed a cyan ugly thing
 13393 | D:11     | Noticed a skeletal warrior
 13483 | D:11     | Found the +10 large shield of Ignorance {rN+ Int-4}
 13493 | D:11     | Found a runed door.
 13501 | D:11     | Noticed a death knight
 13503 | D:11     | Noticed a skeletal warrior
 13550 | D:11     | Reached skill level 8 in Conjurations
 13553 | D:11     | Killed a death knight
 13821 | D:11     | Killed a skeletal warrior
 13971 | D:11     | Killed a skeletal warrior
 14083 | D:11     | Found a runed door.
 14084 | D:11     | Noticed an orange crystal statue
 14166 | D:11     | Noticed a two-headed ogre
 14179 | D:11     | Killed a two-headed ogre
 14179 | D:11     | Reached XP level 12. HP: 88/88 MP: 20/24
 14263 | D:11     | Reached **** piety under Vehumet
 15256 | D:12     | Noticed a five-headed hydra
 15265 | D:12     | Killed a five-headed hydra
 15283 | D:12     | Noticed Chrigeo's ghost (journeyman TrBe)
 15717 | D:11     | Learned a level 3 spell: Stone Arrow
 16280 | D:12     | Offered knowledge of Lee's Rapid Deconstruction by Vehumet.
 16783 | D:12     | Found a staircase to the Orcish Mines.
 16968 | D:12     | Reached skill level 9 in Conjurations
 17345 | D:12     | Noticed a green very ugly thing
 17350 | D:12     | Killed a green very ugly thing
 18441 | D:12     | Learned a level 7 spell: Ring of Flames
 18640 | Lair:1   | Entered Level 1 of the Lair of Beasts
 18753 | Lair:1   | Noticed azzavlup's ghost (novice DsGl)
 18786 | Lair:1   | Killed azzavlup's ghost
 18950 | Lair:1   | Reached skill level 1 in Shields
 19094 | Lair:1   | Reached skill level 1 in Charms
 19201 | Lair:1   | Reached XP level 13. HP: 91/96 MP: 14/26
 19672 | Lair:2   | Reached ***** piety under Vehumet
 19688 | Lair:2   | Reached skill level 10 in Spellcasting
 19697 | Lair:2   | Offered knowledge of Venom Bolt by Vehumet.
 20036 | Lair:2   | Found a staircase to the Shoals.
 22101 | Lair:3   | Offered knowledge of Bolt of Cold by Vehumet.
 22132 | Lair:3   | Reached skill level 10 in Conjurations
 22342 | Lair:3   | Found a hole to the Spider Nest.
 22590 | Lair:3   | Got a jasper-encrusted ring mail
 22601 | Lair:3   | Identified the +2 ring mail of Xoitwij {rC+ Regen+ Str+3} (You found it on level 3 of the Lair of Beasts)
 23306 | Lair:4   | Found a glowing golden altar of the Shining One.
 23893 | Lair:4   | Noticed Urug
 23928 | Lair:4   | Killed Urug
 24490 | Lair:5   | Gained mutation: You regenerate magic rapidly. [demonic ancestry]
 24490 | Lair:5   | Reached XP level 14. HP: 60/106 MP: 14/28
 25757 | Lair:6   | Entered Level 6 of the Lair of Beasts
 25922 | Lair:6   | Offered knowledge of Ozocubu's Refrigeration by Vehumet.
 26298 | Lair:6   | Got a warped quarterstaff
 26310 | Lair:6   | Identified the cursed +3 quarterstaff of RudyRod's Quick Death {crush, Int+2} (You found it on level 6 of the Lair of Beasts)
 26411 | Lair:6   | Found a staircase to the Slime Pits.
 26527 | Lair:6   | Reached skill level 5 in Shields
 26658 | Lair:6   | Reached skill level 5 in Charms
 26713 | Lair:6   | Reached skill level 5 in Maces & Flails
 26863 | Lair:6   | Got a fine ring mail
 26874 | Lair:6   | Identified the +1 ring mail "Uqacseut" {Int+4 Dex+4} (You found it on level 6 of the Lair of Beasts)
 27216 | Orc:1    | Entered Level 1 of the Orcish Mines
 27263 | Orc:1    | Reached skill level 11 in Conjurations
 27421 | Orc:2    | Entered Level 2 of the Orcish Mines
 27421 | Orc:2    | Noticed Josephine
 27430 | Orc:1    | Killed Josephine
 27430 | Orc:1    | Offered knowledge of Iskenderun's Battlesphere by Vehumet.
 27674 | Orc:1    | Learned a level 5 spell: Iskenderun's Battlesphere
 28178 | Orc:2    | Reached skill level 10 in Fire Magic
 28338 | Orc:2    | Noticed an orc warlord
 28381 | Orc:2    | Killed an orc warlord
 28381 | Orc:2    | Gained mutation: You have a pair of large antennae on your head. (SInv) [demonic ancestry]
 28381 | Orc:2    | Reached XP level 15. HP: 91/114 MP: 6/30
 28481 | Orc:2    | Found a roughly hewn altar of Beogh.
 28490 | Orc:2    | Found a staircase to the Elven Halls.
 28523 | Orc:2    | Paralysed by an orc sorcerer for 6 turns
 28581 | Orc:2    | Offered knowledge of Bolt of Fire by Vehumet.
 28991 | Orc:2    | Found Olosaore's Antique Weapon Shoppe.
 28991 | Orc:2    | Found Xirouwn's Distillery.
 28991 | Orc:2    | Found Heux Keyl's Distillery.
 28994 | Orc:2    | Found Begolaev's Gadget Emporium.
 29726 | Spider:1 | Entered Level 1 of the Spider Nest
 30332 | Spider:1 | Reached ****** piety under Vehumet
 30337 | Spider:1 | Offered knowledge of Spellforged Servitor by Vehumet.
 30402 | Spider:1 | Learned a level 7 spell: Spellforged Servitor
 30642 | Spider:1 | Got an encrusted rapier
 30643 | Spider:1 | Identified the +5 rapier "Ymevukla" {flame, Fragile rF++ Str+2 Dex+4} (You found it on level 1 of the Spider Nest)
 31287 | Spider:2 | Noticed Arachne
 31293 | Spider:2 | Noticed a ghost moth
 31314 | Spider:1 | Killed Arachne
 31314 | Spider:1 | Reached skill level 1 in Summonings
 31626 | Spider:1 | Reached skill level 1 in Short Blades
 31648 | Spider:1 | Killed a ghost moth
 31648 | Spider:1 | Reached skill level 1 in Earth Magic
 31978 | Spider:2 | Noticed Donald
 31982 | Spider:2 | Killed Donald
 31982 | Spider:2 | Reached skill level 5 in Dodging
 32824 | Spider:3 | Noticed a ghost moth
 32910 | Spider:1 | Reached skill level 12 in Conjurations
 33348 | Spider:3 | Offered knowledge of Conjure Ball Lightning by Vehumet.
 33488 | Spider:3 | Reached XP level 16. HP: 75/120 MP: 8/31
 35192 | D:11     | HP: 1/121 [four-headed hydra[an orange crystal statue] (8)]
 35193 | D:11     | Slain by a centaur warrior zombie

Skill      XL: |  1  2  3  4  5  6  7  8  9 10 11 12 13 14 15 16 |
---------------+-------------------------------------------------+-----
Fire Magic     | 3 4 5 6 7 8 9 10 | 10.8
Stealth        | 2 3 4 5 7 8 |  8.3
Armour         | 1 2 3 4 5 6 7 8 |  8.5
Spellcasting   | 3 4 5 7 8 9 10 11 | 11.9
Conjurations   | 2 3 4 6 7 8 9 10 11 12 | 12.0
Dodging        | 2 3 4 5 |  5.1
Fighting       | 1 2 3 4 6 7 8 9 |  9.7
Maces & Flails | 1 2 3 4 5 |  5.4
Shields        | 1 4 5 6 7 |  7.0
Charms         | 1 3 5 7 |  7.4
Summonings     | 2 3 |  3.4
Short Blades   | 2 3 |  3.2
Earth Magic    | 1 |  1.0

Action                   |  1- 3 |  4- 6 |  7- 9 | 10-12 | 13-15 | 16-18 || total
-------------------------+-------+-------+-------+-------+-------+-------++-------
Melee: Unarmed           |     3 |       |       |       |       |       ||     3
       Club              |     4 |     4 |       |       |       |       ||     8
       Flail             |       |    13 |    18 |    77 |   216 |       ||   324
       Kick              |       |       |     2 |     4 |       |       ||     6
       Staff             |       |       |       |     2 |       |       ||     2
       Rapier            |       |       |       |       |    36 |    46 ||    82
 Cast: Flame Tongue      |    91 |    87 |   184 |   284 |   393 |    44 ||  1083
       Throw Flame       |       |       |    29 |   117 |   169 |     9 ||   324
       Sticky Flame      |       |       |    15 |    63 |   191 |    31 ||   300
       Conjure Flame     |       |       |     5 |    39 |    36 |       ||    80
       Fireball          |       |       |       |    39 |   160 |    10 ||   209
       Stone Arrow       |       |       |       |     8 |    13 |       ||    21
       Iskenderun's Batt |       |       |       |       |     3 |       ||     3
  Use: Scroll            |       |     2 |    14 |     3 |    10 |       ||    29
       Potion            |       |       |     2 |     1 |    15 |     4 ||    22
 Stab: Distracted        |       |       |       |       |     2 |     1 ||     3
       Sleeping          |       |       |       |       |     1 |       ||     1
  Eat: Chunk             |     5 |     6 |    17 |    13 |    42 |       ||    83
       Ration            |       |     1 |     3 |     9 |     6 |     2 ||    21
Armor: Robe              |     3 |       |       |       |       |       ||     3
       Leather armour    |       |    20 |    65 |    62 |    38 |       ||   185
       Ring mail         |       |       |       |       |   249 |    82 ||   331
Dodge: Dodged            |    20 |    26 |   115 |   130 |   392 |    99 ||   782
Block: Shield            |       |       |       |    10 |   271 |   100 ||   381
